 Dungeon Crawl Stone Soup version 0.25-a0-294-gea9b1ad378 (webtiles) character file.

Game seed: 582655839618903075, levelgen mode: deterministic

210 Barrydekale the Changer (level 5, 0/55 HPs)
             Began as a Demonspawn Transmuter on Dec 17, 2019.
             Succumbed to a scorpion's poison
             ... on level 3 of the Dungeon.
             The game lasted 00:10:16 (3753 turns).

Barrydekale the Changer (Demonspawn Transmuter)     Turns: 3753, Time: 00:10:17

Health: 0/55       AC: 22    Str: 10    XL:     5   Next: 56%
Magic:  8/8        EV:  2    Int: 21    God:
Gold:   146        SH:  0    Dex: 13    Spells: 5/8 levels left

rFire    . . .     SeeInvis .     - Unarmed
rCold    . . .     Gourm    .   (no shield)
rNeg     + + +     Faith    .   (armour currently unavailable)
rPois    +         Spirit   .   (helmet currently unavailable)
rElec    .         Reflect  .   (cloak currently unavailable)
rCorr    .         Harm     .   (gloves currently unavailable)
MR       .....     NoTele   +   (boots currently unavailable)
Stlth    +.........             (no amulet)
HPRegen  0.18/turn              (no ring)
MPRegen  0.11/turn              (no ring)

@: brilliant, lethally poisoned (0 -> -1), tree-form (expiring)
A: powered by death 1
a: no special abilities


You were on level 3 of the Dungeon.
You were not hungry.
You were a tree.
You visited 1 branch of the dungeon, and saw 3 of its levels.

You collected 146 gold pieces.

Inventory:

Missiles
 a - 48 arrows
 e - 97 stones (quivered)
Armour
 b - a +0 robe (melded)
Jewellery
 p - an uncursed amulet of regeneration {unknown}
Wands
 n - a wand of flame (20)
Scrolls
 c - a scroll of amnesia {unknown}
 f - a scroll of magic mapping {unknown}
 g - 3 scrolls of immolation {unknown}
 h - a scroll of teleportation {unknown}
 j - 2 scrolls of identify {unknown}
 k - 3 scrolls of remove curse {unknown}
 m - 3 scrolls of blinking {unknown}
Comestibles
 d - 6 rations


   Skills:
 - Level 1.0 Fighting
 - Level 1.7 Dodging
 - Level 2.6 Unarmed Combat
 - Level 2.0 Spellcasting
 + Level 5.4 Transmutations


You had 5 spell levels left.
You knew the following spells:

 Your Spells              Type           Power        Failure   Level  Hunger
a - Beastly Appendage     Tmut           #####.       1%          1    #......
b - Sticks to Snakes      Tmut           #####...     1%          2    ##.....

Your spell library contained the following spells:

 Spells                   Type           Power        Failure   Level  Hunger
 Spider Form              Tmut/Pois      ####......   1%          3    ###....
 Ice Form                 Ice/Tmut       ####....     5%          4    #####..
 Blade Hands              Tmut           #####.....   5%          5    ######.


Dungeon Overview and Level Annotations

Branches:
Dungeon (3/15)

Altars:
Vehumet
Xom
Zin


Innate Abilities, Weirdness & Mutations

((You are partially covered in slimy green scales. (AC +2)))
You regenerate a little health from kills.


Message History

There is a lethal amount of poison in your body!
There is a lethal amount of poison in your body!
* * * LOW HITPOINT WARNING * * *
You feel sick.
* * * LOW HITPOINT WARNING * * *
You feel sick.
You aren't carrying any potions.
Okay, then.
* * * LOW HITPOINT WARNING * * *
You feel sick.
* * * LOW HITPOINT WARNING * * *
You feel sick.
* * * LOW HITPOINT WARNING * * *
You feel sick.
* * * LOW HITPOINT WARNING * * *
You feel sick.
* * * LOW HITPOINT WARNING * * *
You feel sick.
Your transformation is almost over.
You die...

(..........##
..............#
....(.........#
.....(....[...#
..............#
.....)........#####
..?..........#.....
#..............####
####.....♣....<..
#.######...##.. #.#
###....# #.# ###......
.. #.# #........ ..
###.####....... .#
#.............########.#
#........#.........##..
#.......##....####..#.#


There were no monsters in sight!

Vanquished Creatures
  A scorpion (D:3)
  An orc priest (D:3)
  4 adders (D:2)
  An ooze (D:2)
  An adder zombie (D:3)
  3 worms
  5 orcs
  6 bats
  3 giant cockroaches
  9 goblins
  11 hobgoblins
  10 jackals
  6 kobolds
  A ball python (D:3)
  6 frilled lizards
  9 rats
77 creatures vanquished.

Vanquished Creatures (others)
  A quokka (D:3)
1 creature vanquished.

Grand Total: 78 creatures vanquished

Notes
Turn   | Place    | Note
-------+----------+-------------------------------------------
     0 | D:1      | Barrydekale the Demonspawn Transmuter began the quest for
                  | the Orb.
     0 | D:1      | Reached XP level 1. HP: 15/15 MP: 3/3
   364 | D:1      | Reached skill level 2 in Transmutations
   439 | D:1      | Gained mutation: You are partially covered in slimy green
                  | scales. (AC +2) [demonic ancestry]
   439 | D:1      | Reached XP level 2. HP: 19/21 MP: 3/5
   636 | D:1      | Learned a level 2 spell: Sticks to Snakes
   742 | D:1      | Reached skill level 3 in Transmutations
  1119 | D:1      | Gained mutation: You regenerate a little health from kills.
                  | [demonic ancestry]
  1119 | D:1      | Reached XP level 3. HP: 17/26 MP: 4/6
  1538 | D:2      | Noticed an angel
  1539 | D:2      | Found a shimmering altar of Xom.
  1542 | D:2      | Found a glowing silver altar of Zin.
  1772 | D:2      | Reached XP level 4. HP: 27/32 MP: 5/7
  1793 | D:2      | Reached skill level 4 in Transmutations
  2270 | D:3      | Found a radiant altar of Vehumet.
  2974 | D:2      | Reached XP level 5. HP: 21/37 MP: 8/8
  3602 | D:3      | Reached skill level 5 in Transmutations
  3740 | D:3      | HP: 2/55 [poisoned by a scorpion]
  3745 | D:3      | HP: 1/55 [poisoned by a scorpion]
  3753 | D:3      | Succumbed to a scorpion's poison

Levels and vault maps discovered:
D:1:      dpeg_arrival_rhombi, layout_loops_ring, minmay_misc_feat_room,
          grunt_decor_arrowhead
D:2:      layout_loops_cross, grunt_temple_overflow_order_and_chaos_1,
          minivault_14, minmay_pentomino_v2
D:3:      layout_rooms, fiery_altar_vehumet

Skill      XL: |  1  2  3  4  5 |
---------------+----------------+-----
Transmutations | 2 3 4 5 |  5.4
Fighting       | |  1.0
Dodging        | |  1.7
Unarmed Combat | |  2.6
Spellcasting   | |  2.0

Action                   |  1- 3 |  4- 6 || total
-------------------------+-------+-------++-------
Melee: Unarmed           |   151 |   183 ||   334
       Kick              |     6 |    13 ||    19
       Headbutt          |     4 |    15 ||    19
       Punch             |     1 |     1 ||     2
Throw: Stone             |    13 |    34 ||    47
 Cast: Beastly Appendage |    24 |    23 ||    47
  Use: Potion            |       |     4 ||     4
 Stab: Sleeping          |     1 |       ||     1
  Eat: Chunk             |     3 |     7 ||    10
Armor: Robe              |    35 |    43 ||    78
Dodge: Dodged            |    81 |   139 ||   220

Table legend:
 A = Non-vault XP
 B = Vault XP
 C = Vault XP percentage of total XP
 D = Non-vault monster count
 E = Vault monster count
 F = Vault count percentage of total count
                 A         B        C        D         E       F
            +---------+---------+-------+---------+---------+-------
      Total |     299 |       1 |   0.3 |      76 |       1 |   1.3
            +---------+---------+-------+---------+---------+-------
        D:1 |      50 |       0 |   0.0 |      30 |       0 |   0.0
        D:2 |     107 |       1 |   0.9 |      29 |       1 |   3.3
        D:3 |     142 |       0 |   0.0 |      17 |       0 |   0.0
            +---------+---------+-------+---------+---------+-------
